 Dungeon Crawl Stone Soup version 0.31-a0-968-g24f9ace8b5 (webtiles) character file.

Game seed: 9157074023444343387

97 Dittersdorf the Covered (level 4, 0/29 HPs)
             Began as a Gargoyle Fighter on Oct 27, 2023.
             Slain by a gnoll
             ... wielding a +0 spear
              (3 damage)
             ... on level 3 of the Dungeon.
             The game lasted 00:01:53 (1555 turns).

Dittersdorf the Covered (Gargoyle Fighter)          Turns: 1555, Time: 00:01:53

Health: 0/29       AC: 10    Str: 22    XL:     4   Next: 68%
Magic:  4/4        EV:  9    Int:  8    God:
Gold:   148        SH:  4    Dex:  9    Spells: 3/3 levels left

rFire   . . .        a - +0 flail
rCold   . . .        c - +0 buckler
rNeg    + . .        b - +0 scale mail
rPois   ∞            (no helmet)
rElec   +            (no cloak)
rCorr   .            (no gloves)
SInv    .            (no boots)
Will    .....        (no amulet) Stlth
                     (no ring)
HPRegen 0.24/turn    (no ring)
MPRegen 0.09/turn

%: no passive effects
@: no status effects
A: sickness immunity, AC +3, negative energy resistance 1, electricity
resistance, torment resistance 1, petrification resistance
a: no special abilities


You were on level 3 of the Dungeon.
You visited 1 branch of the dungeon, and saw 3 of its levels.

You collected 148 gold pieces.

Inventory:

Hand Weapons
 a - a +0 flail (weapon)
Armour
 b - a +0 scale mail (worn)
 c - a +0 buckler (worn)
Scrolls
 e - a scroll of enchant weapon {unknown}
 h - a scroll of butterflies {unknown}
 j - 2 scrolls of revelation {unknown}
 k - 2 scrolls of identify {unknown}
Potions
 d - a potion of might
 f - a potion of haste {unknown}
 g - a potion of brilliance {unknown}
 i - a potion of heal wounds {unknown}


   Skills:
 + Level 4.0 Fighting
 + Level 2.9 Maces & Flails
 + Level 4.0 Armour
 + Level 4.0 Shields


You had 3 spell levels left.
You didn't know any spells.
Your spell library contained the following spells:

 Spells                   Type           Power      Damage    Failure   Level
 Dazzling Flash           Conj/Hex       0%         N/A       99%         3
 Agony                    Necr           0%         N/A       100%        5
 Silence                  Hex/Air        0%         N/A       100%        5


Dungeon Overview and Level Annotations

Branches:
Dungeon (3/15)

Altars:

Annotations:
D:3 2 transporters


Innate Abilities, Weirdness & Mutations

You are immune to sickness and miasma.
Your stone body is resilient. (AC +3)
You are immune to poison.
You resist negative energy. (rN+)
You are resistant to electric shocks. (rElec)
You are resistant to unholy torment.
You are immune to petrification.


Message History

The gnoll hits you but does no damage.
You sock the adder!
The adder is severely wounded.
The adder bites you but does no damage. You block the adder's attack.
The gnoll barely misses you.
You miss the adder.
The adder is severely wounded.
You block the adder's attack.
The gnoll hits you from afar with a +0 spear.
The adder barely misses you.
You closely miss the adder.
The adder is severely wounded.
You block the gnoll's attack. You block the adder's attack.
The gnoll hits you from afar with a +0 spear.
* * * LOW HITPOINT WARNING * * *
The adder barely misses you.
You closely miss the adder.
The adder is severely wounded.
The adder bites you but does no damage.
The gnoll hits you from afar with a +0 spear.
* * * LOW HITPOINT WARNING * * *
You closely miss the adder.
The adder is severely wounded.
The adder bites you but does no damage. The gnoll hits you but does no damage.
The adder closely misses you.
You hit the adder.
The adder is severely wounded.
The adder bites you but does no damage. The gnoll closely misses you.
You block the adder's attack. The gnoll closely misses you.
You completely miss the adder.
The adder is severely wounded.
The adder closely misses you. The gnoll closely misses you.
You miss the adder.
The adder is severely wounded.
The adder completely misses you. The gnoll hits you but does no damage.
The adder bites you but does no damage.
You hit the adder.
You kill the adder!
The gnoll hits you from afar with a +0 spear.
You die...

#.#. ## .#.###. ......
#....## ..... .g. #..
#)# #.# #@# ... #.#
#.# ##'## #.# ##...##
###.# ##.....##
###.#.# ##.......#
####.....###.........#
..........)..........+
#....................#


You could see a gnoll.

Vanquished Creatures
  Jessica (D:2)
  2 gnolls (D:3)
  An adder (D:3)
  3 dart slugs
  2 endoplasms
  3 giant cockroaches
  6 goblins
  4 hobgoblins
  2 quokkas (D:1)
  6 ball pythons
  7 bats
  3 frilled lizards
  4 kobolds
  3 rats
47 creatures vanquished.

Notes
Turn   | Place    | Note
-------+----------+-------------------------------------------
     0 | D:1      | Dittersdorf the Gargoyle Fighter began the quest for the
                  | Orb.
     0 | D:1      | Reached XP level 1. HP: 14/14 MP: 1/1
   124 | D:1      | Reached XP level 2. HP: 19/19 MP: 2/2
   419 | D:1      | You fall into a shaft and drop 1 floor!
   462 | D:2      | Reached XP level 3. HP: 24/24 MP: 3/3
   605 | D:2      | Noticed Jessica
   619 | D:2      | Killed Jessica
   620 | D:2      | Reached XP level 4. HP: 25/29 MP: 4/4
   757 | D:2      | Found a faded altar of an unknown god.
  1506 | D:3      | Found a transporter.
  1521 | D:3      | Found a transporter.
  1555 | D:3      | Slain by a gnoll

Illustrated notes

Levels and vault maps discovered:
D:1:      dpeg_arrival_rhombus, layout_loops_ring, grunt_decor_arrowhead
D:2:      kb_forest_paths, layout_basic, ebering_ecumenical_altar_mist,
          uniq_jessica
D:3:      gammafunk_wand_slinger, layout_loops_corners,
          mainiacjoe_overflow_chevrons, mainiacjoe_overflow_small_starburst,
          mainiacjoe_overflow_six_doors_small, chequers_jeans

Skill      XL: |  1  2  3  4 |
---------------+-------------+-----
Fighting       | 4 |  4.0
Armour         | 4 |  4.0
Shields        | 4 |  4.0
Maces & Flails | |  2.9

Action                     |  1- 3 |  4- 6 || total
---------------------------+-------+-------++-------
  Melee: Flail             |    77 |    73 ||   150
 Armour: Scale mail        |    70 |    69 ||   139
  Dodge: Dodged            |    44 |    39 ||    83
  Block: Buckler           |    23 |    29 ||    52

Table legend: (Time is in decaauts)
 A = Elapsed time spent in this place.
 B = Non-inter-level travel time spent in this place.
 C = Inter-level travel time spent in this place.
 D = Time resting spent in this place.
 E = Time spent auto-exploring this place.
 F = Levels seen in this place.
 G = Mean time per level.
                   A        B        C        D        E       F      G
               +--------+--------+--------+--------+--------+-----+--------+
         Total |   1600 |   1510 |     90 |      0 |   1161 |   3 |  533.3 |
       Dungeon |   1600 |   1510 |     90 |      0 |   1161 |   3 |  533.3 |
               +--------+--------+--------+--------+--------+-----+--------+

Top non-repeatable levels by time:
     D:2: 923 daAuts
     D:1: 437 daAuts
     D:3: 239 daAuts
